 Dungeon Crawl Stone Soup version 0.30.0-5-g1a98f26d00 (webtiles) character file.

Game seed: 7661074792581601014

17000 retardedninja the Severer (level 12, -5/162 HPs)
             Began as a Minotaur Fighter on May 8, 2023.
             Killed by mirror damage (20 damage)
             ... on level 15 of the Dungeon.
             The game lasted 00:12:48 (8709 turns).

retardedninja the Severer (Minotaur Fighter)        Turns: 8709, Time: 00:12:48

Health: -5/162     AC: 18    Str: 24    XL:     12   Next: 15%
Magic:  11/11      EV: 14    Int:  5    God:
Gold:   621        SH:  6    Dex: 12    Spells: 11/11 levels left

rFire   . . .        k - +3 war axe
rCold   . . .        c - +0 buckler
rNeg    . . .        z - +0 plate armour
rPois   .            (helmet restricted)
rElec   .            (no cloak)
rCorr   +            (no gloves)
SInv    .            b - +2 pair of boots
Will    .....        (no amulet) Stlth
                     e - +5 ring of evasion
HPRegen 0.47/turn    q - ring of resist corrosion
MPRegen 0.12/turn

%: no passive effects
@: berserking, very quick
A: horns 2, retaliatory headbutt
a: no special abilities


You were on level 15 of the Dungeon.
You visited 3 branches of the dungeon, and saw 17 of its levels.
You also visited: Sewer.

You collected 621 gold pieces.

Inventory:

Hand Weapons
 k - a +3 war axe (weapon)
Missiles
 y - a throwing net (quivered)
Armour
 b - a +2 pair of boots (worn)
 c - a +0 buckler (worn)
 h - a +0 chain mail
 z - a +0 plate armour (worn)
Jewellery
 a - a ring of protection from cold
 e - a +5 ring of evasion (left hand)
 p - a ring of protection from fire
 q - a ring of resist corrosion (right hand)
 v - a ring of resist corrosion
 B - a ring of see invisible
Wands
 d - a wand of polymorph (1)
 m - a wand of charming (14)
 A - a wand of flame (5)
 H - a wand of mindburst (1)
Scrolls
 j - 3 scrolls of fear {unknown}
 l - 3 scrolls of fog {unknown}
 o - a scroll of immolation {unknown}
 r - 3 scrolls of teleportation {unknown}
 t - a scroll of magic mapping {unknown}
 x - a scroll of butterflies {unknown}
 C - a scroll of noise {unknown}
 F - a scroll of identify
 G - a scroll of vulnerability {unknown}
Potions
 f - a potion of curing
 u - 3 potions of lignification
 w - a potion of mutation
 D - a potion of brilliance
 E - a potion of magic {unknown}


   Skills:
 + Level 10.9 Fighting
 * Level 15.8 Axes
 + Level 10.9 Armour
 + Level 6.9 Dodging
 + Level 3.0 Stealth
 + Level 9.1 Shields
 + Level 1.2 Evocations


You had 11 spell levels left.
You didn't know any spells.
Your spell library contained the following spells:

 Spells                   Type           Power      Damage    Failure   Level
 Kiss of Death            Conj/Necr      0%         2d5       100%        1
 Magic Dart               Conj           0%         1d3       100%        1
 Sting                    Tmut/Pois      0%         1d3       100%        1
 Poisonous Vapours        Pois/Air       0%         N/A       100%        2
 Searing Ray              Conj           0%         2d4       100%        2
 Confusing Touch          Hex            0%         N/A       100%        3
 Ignite Poison            Fire/Tmut/Pois 0%         N/A       100%        3
 Inner Flame              Hex/Fire       0%         N/A       100%        3
 Animate Armour           Summ/Erth      0%         N/A       100%        4
 Dispel Undead            Necr           0%         3d6       100%        4
 Fulminant Prism          Conj/Hex       0%         3d5       100%        4
 Olgreb's Toxic Radiance  Pois           0%         N/A       100%        4
 Sticky Flame             Conj/Fire      0%         2d3       100%        4
 Yara's Violent Unravell  Hex/Tmut       0%         3d3       100%        5
 Enfeeble                 Hex            0%         N/A       100%        7
 Spellforged Servitor     Conj/Summ      0%         N/A       100%        7
 Ignition                 Fire           0%         3d3       100%        8
 Fire Storm               Conj/Fire      0%         5d1       100%        9


Dungeon Overview and Level Annotations

Branches:
Dungeon (15/15)            Temple (1/1) D:4            Lair (1/5) D:8
  Sewer (visited)
    Orc: D:9-12      Vaults: D:13-14     Depths: D:15

Altars:
Cheibriados
Fedhas
Makhleb
Qazlal
Uskayaw
Vehumet
Wu Jian
Xom
Yredelemnul
The Shining One

Shops:
D:6 *


Innate Abilities, Weirdness & Mutations

You have a pair of horns on your head.
You reflexively headbutt those who attack you in melee.


Message History

The centaur warrior shoots an arrow.
The arrow hits you. The arrow freezes you.
The centaur warrior shoots an arrow.
The arrow closely misses you.
Unknown command.
The centaur warrior shoots an arrow.
The arrow hits you. The arrow freezes you.
The death knight hits you with a +2 battleaxe.
You hit the death knight. Your headbutt misses the death knight.
The death knight is lightly wounded.
The death knight hits you with a +2 battleaxe.
You hit the death knight. Your headbutt misses the death knight.
The death knight is lightly wounded.
The centaur warrior shoots an arrow.
The arrow hits you. The arrow freezes you.
The death knight offers itself to Yredelemnul, and fills with unholy energy.
You slice the death knight!! Your headbutt misses the death knight.
The death knight is moderately wounded.
The death knight reflects your damage back at you!
The centaur warrior shoots an arrow.
The arrow hits you! The arrow freezes you.
You hit the death knight but do no damage.
The death knight is moderately wounded.
The death knight hits you with a +2 battleaxe!
* * * LOW HITPOINT WARNING * * *
It was a potion of cancellation.
You feel magically purged.
The centaur warrior shoots an arrow.
The arrow hits you!
* * * LOW HITPOINT WARNING * * *
The arrow freezes you.
* * * LOW HITPOINT WARNING * * *
The death knight closely misses you.
The centaur warrior shoots an arrow.
The arrow misses you.
The arrow hits the death knight!
The arrow freezes the death knight.
The centaur warrior suffers a backlash!
It was a potion of berserk rage.
A red film seems to cover your vision as you go berserk!
You feel yourself moving faster!
You feel mighty!
The centaur warrior shoots an arrow.
The arrow hits you!
* * * LOW HITPOINT WARNING * * *
The arrow freezes you.
* * * LOW HITPOINT WARNING * * *
You block the death knight's attack.
You slice the death knight!!
You kill the death knight!
Your damage is reflected back at you!
You die...

#.. #. .. .. ....#. .#
.#...#c #. ..[.... .. #
.....#. .#.#
#...#.###.#.#
.#...........##
.......@.......
.......).......
...............
#..#.#...#.#.....##.....
.................##.....
...........#.##..##.....
........................
#..#.#.....#.##..##.....
#..#.........##..##.....


You could see a centaur warrior.

Vanquished Creatures
  A centaur warrior (D:15)
  3 boulder beetles (D:11)
  A death knight (D:15)
  2 two-headed ogres
  A tengu warrior (D:15)
  3 deep elf pyromancers (D:15)
  A cyclops (D:13)
  A manticore (D:11)
  Joseph (D:9)
  A komodo dragon (D:13)
  A tengu conjurer (D:15)
  A troll (D:8)
  3 wyverns
  A basilisk (D:15)
  A wraith (D:9)
  22 yaks
  A steam dragon (D:9)
  An acid dragon (D:12)
  2 water moccasins
  An orc warrior (D:11)
  2 black bears
  An ice beast (D:8)
  Pargi (Sewer)
  2 ogres
  4 centaurs
  A wolf (D:8)
  2 phantoms (D:6)
  A kobold brigand (D:7)
  3 bullfrogs
  A scorpion (D:5)
  18 wights
  5 killer bees
  3 electric eels (D:8)
  3 hounds
  3 orc priests
  5 jellies
  2 sleepcaps (D:6)
  2 iguanas (D:5)
  An orc wizard (D:11)
  Robin (D:3)
  11 gnolls
  7 adders
  A river rat (D:6)
  3 white imps
  An ufetubus (D:5)
  A worm (D:6)
  2 dart slugs
  16 orcs
  13 ball pythons
  7 endoplasms
  2 giant cockroaches
  6 hobgoblins
  2 jackals (D:2)
  9 kobolds
  2 quokkas
  6 bats
  10 frilled lizards
  13 goblins
  24 rats
246 creatures vanquished.

Vanquished Creatures (collateral kills)
  A manticore (D:11)
  An ogre (D:4)
  2 wolves (D:8)
  2 wights (D:8)
  3 hounds (D:8)
  An adder (D:4)
  A dart slug (D:4)
  A hobgoblin (D:4)
12 creatures vanquished.

Vanquished Creatures (others)
  A human (D:13)
  A centaur (D:12)
2 creatures vanquished.

Grand Total: 260 creatures vanquished

Notes
Turn   | Place    | Note
-------+----------+-------------------------------------------
     0 | D:1      | retardedninja the Minotaur Fighter began the quest for the
                  | Orb.
     0 | D:1      | Reached XP level 1. HP: 19/19 MP: 0/0
   116 | D:1      | Reached XP level 2. HP: 16/27 MP: 1/1
   574 | D:2      | Reached XP level 3. HP: 33/33 MP: 2/2
   610 | D:2      | Reached skill level 3 in Axes
   905 | D:2      | Found the +5 woodcutter's axe
   911 | D:2      | Found a faded altar of an unknown god.
  1095 | D:3      | Found a shimmering altar of Xom.
  1106 | D:3      | Found a glowing golden altar of the Shining One.
  1173 | D:3      | Noticed Robin
  1181 | D:3      | Reached XP level 4. HP: 35/41 MP: 3/3
  1185 | D:3      | Killed Robin
  1341 | D:3      | Reached skill level 4 in Axes
  1431 | D:3      | Found a stormy altar of Qazlal.
  1575 | D:3      | Found a snail-covered altar of Cheibriados.
  1732 | D:4      | Reached XP level 5. HP: 42/47 MP: 4/4
  1735 | D:4      | Reached skill level 5 in Fighting
  1828 | D:4      | Noticed a black bear
  1833 | D:4      | Noticed an ogre
  1844 | D:4      | Killed an ogre
  1845 | D:4      | Reached skill level 5 in Axes
  1845 | D:4      | Reached skill level 1 in Dodging
  1857 | D:4      | Killed a black bear
  1858 | D:4      | Reached XP level 6. HP: 34/56 MP: 5/5
  2082 | D:4      | Reached skill level 6 in Axes
  2093 | D:4      | Found a staircase to the Ecumenical Temple.
  2108 | D:4      | Got Mih Lath's Precepts of Force and Company
  2117 | Temple   | Entered the Ecumenical Temple
  2466 | D:5      | Entered Level 5 of the Dungeon
  2532 | D:5      | Reached skill level 5 in Armour
  2677 | D:5      | Noticed a water moccasin
  2693 | D:5      | Killed a water moccasin
  2693 | D:5      | HP: 2/56 [poisoned by a water moccasin]
  2694 | D:5      | Reached XP level 7. HP: 2/61 MP: 6/6
  3061 | D:5      | Found a burning altar of Makhleb.
  3264 | D:5      | Found a radiant altar of Vehumet.
  3300 | D:5      | Found a basalt altar of Yredelemnul.
  3411 | D:5      | Reached skill level 7 in Axes
  3818 | D:6      | Reached XP level 8. HP: 49/70 MP: 7/7
  4088 | D:6      | Reached skill level 5 in Shields
  4167 | D:6      | Reached skill level 8 in Axes
  4199 | D:6      | Found a glowing drain.
  4222 | Sewer    | Entered a sewer
  4282 | Sewer    | Noticed Pargi
  4293 | Sewer    | Killed Pargi
  4383 | D:6      | Found Biek's Assorted Antiques.
  4549 | D:6      | Reached skill level 9 in Axes
  4732 | D:7      | Found a blossoming altar of Fedhas.
  4812 | D:7      | Reached skill level 11 in Axes
  4812 | D:7      | Reached XP level 9. HP: 76/83 MP: 8/8
  4858 | D:7      | Reached XP level 10. HP: 91/91 MP: 9/9
  5219 | D:8      | Found a staircase to the Lair.
  5231 | D:8      | Reached skill level 12 in Axes
  5419 | D:8      | Reached skill level 10 in Armour
  5434 | Lair:1   | Entered Level 1 of the Lair of Beasts
  5565 | D:9      | Noticed Joseph
  5581 | D:9      | Killed Joseph
  6292 | D:9      | Reached skill level 1 in Stealth
  6298 | D:9      | Reached skill level 13 in Axes
  6415 | D:10     | Entered Level 10 of the Dungeon
  6424 | D:10     | Reached XP level 11. HP: 90/97 MP: 10/10
  6697 | D:11     | Noticed a boulder beetle
  6710 | D:11     | Killed a boulder beetle
  6719 | D:11     | Noticed a boulder beetle
  6745 | D:11     | Killed a boulder beetle
  6746 | D:11     | Reached skill level 14 in Axes
  6939 | D:11     | Noticed a two-headed ogre
  6946 | D:11     | Killed a two-headed ogre
  6947 | D:11     | Reached skill level 10 in Fighting
  7058 | D:11     | Identified the +2 ring mail of Kikubaaqudgha {rElec rF+ rN+
                  | Will-}
  7338 | D:11     | Noticed a boulder beetle
  7361 | D:11     | Killed a boulder beetle
  7637 | D:12     | Noticed a two-headed ogre
  7648 | D:12     | Killed a two-headed ogre
  7649 | D:12     | Reached skill level 15 in Axes
  7995 | D:13     | Noticed a seven-headed hydra
  8016 | D:14     | Noticed a purple ugly thing
  8016 | D:14     | Noticed a purple ugly thing
  8016 | D:14     | Noticed a purple ugly thing
  8016 | D:14     | Noticed a purple ugly thing
  8016 | D:14     | Noticed a purple ugly thing
  8019 | D:15     | Entered Level 15 of the Dungeon
  8035 | D:15     | Noticed a deep elf pyromancer
  8044 | D:15     | Killed a deep elf pyromancer
  8082 | D:15     | Noticed a deep elf pyromancer
  8094 | D:15     | Killed a deep elf pyromancer
  8095 | D:15     | Reached XP level 12. HP: 72/108 MP: 11/11
  8334 | D:15     | Noticed a tengu warrior
  8342 | D:15     | Noticed a centaur warrior
  8356 | D:15     | Killed a centaur warrior
  8357 | D:15     | Reached skill level 1 in Evocations
  8361 | D:15     | Killed a tengu warrior
  8662 | D:15     | Noticed a death knight
  8699 | D:15     | Noticed a centaur warrior
  8709 | D:15     | Killed a death knight
  8709 | D:15     | Killed by mirror damage

Illustrated notes

Levels and vault maps discovered:
D:1:      dpeg_arrival_three_same_balls, layout_rooms, st_stairs_2
D:2:      layout_basic, basic_ecumenical_altar, minmay_rat_hole
D:3:      layout_rooms, mainiacjoe_overflow_cross_hatched,
          kennysheep_slug_shrine, amethyst_overflow_temple_binary, uniq_robin
D:4:      layout_basic, minmay_temple_entry_mist
D:5:      layout_loops_ring, general_overflow_altar, lemuel_tele_altar,
          mainiacjoe_overflow_concentric_impassable, grunt_decor_one_mirror,
          cheibrodos_gnoll_hut
D:6:      layout_basic, serial_shops, shop, portal_sewer_entry_b
D:7:      layout_loops_corners, fedhas_altar_fruit_tree, serial_shops,
          nicolae_shop_rolling_square, shop, shop, uniq_menkaure
D:8:      layout_cave_pods, erik_lair_island
D:9:      nzn_winding_woodlands_stair_cross [nzn_winding_woodlands_5x15_cabin,
          nzn_winding_woodlands_center_lodge,
          nzn_winding_woodlands_5x15_default, nzn_winding_woodlands_5x5_three,
          nzn_winding_woodlands_5x5_checkerboard,
          nzn_winding_woodlands_5x15_lazy_stream,
          nzn_winding_woodlands_center_garden,
          nzn_winding_woodlands_5x15_concentric], layout_loops_corners,
          serial_rivers, chequers_serial_rivers_room_a,
          chequers_serial_rivers_micro_b, chequers_serial_rivers_large_a,
          chequers_serial_rivers_micro_c, chequers_serial_rivers_micro_d,
          chequers_serial_rivers_small_3, uniq_erolcha, uniq_joseph
D:10:     layout_roguey, erik_orc_1, minmay_statues_item, minivault_19,
          uniq_erica
D:11:     layout_loops_corners, grunt_decor_clamped
D:12:     layout_basic, minivault_15, uniq_psyche
D:13:     layout_stronghold, ximxim_vaults_locker_room, uniq_urug
D:14:     layout_rooms, serial_shops, nicolae_shop_trees, hangedman_ru_absence,
          chequers_decorated_corner, minmay_crystal_water
D:15:     grunt_enter_depths_snipers, layout_basic, zin_angel
Temple:   nicolae_temple_superstar
Lair:1:   layout_loops_ring, nicolae_volcano_entry_vermiform, grunt_megastairs_1

Skill      XL: |  1  2  3  4  5  6  7  8  9 10 11 12 |
---------------+-------------------------------------+-----
Fighting       | 4 5 6 9 10 | 10.9
Armour         | 4 5 6 9 10 | 10.9
Axes           | 3 4 5 6 7 11 13 15 | 15.8
Shields        | 4 8 9 |  9.1
Dodging        | 1 2 6 |  6.9
Stealth        | 1 2 3 |  3.0
Evocations     | 1 |  1.2

Action                     |  1- 3 |  4- 6 |  7- 9 | 10-12 || total
---------------------------+-------+-------+-------+-------++-------
  Melee: War axe           |    94 |    95 |   145 |   324 ||   658
         Headbutt          |     9 |    18 |    22 |    70 ||   119
  Evoke: Wand              |     1 |     3 |       |    17 ||    21
    Use: Potion            |       |       |     2 |    12 ||    14
         Scroll            |       |       |     1 |     9 ||    10
   Stab: Invisible         |       |       |       |    13 ||    13
         Betrayed ally     |       |       |       |     1 ||     1
 Armour: Scale mail        |    12 |       |       |       ||    12
         Chain mail        |    36 |    30 |    54 |    63 ||   183
         Plate armour      |       |       |       |    58 ||    58
  Dodge: Dodged            |    58 |    72 |   119 |   209 ||   458
  Block: Buckler           |    18 |    32 |    40 |    88 ||   178
